 Dungeon Crawl Stone Soup version 0.31-a0-977-gc230f8ef24 (webtiles) character file.

Game seed: 13969556577543530242

2873 Spaninq the Frost Mage (level 9, -2/67 HPs)
             Began as a Yellow Draconian Ice Elementalist on Oct 29, 2023.
             Was an Elder of Hepliaklqana.
             Slain by a vampire (10 damage)
             ... on level 9 of the Dungeon.
             The game lasted 00:32:02 (6869 turns).

Spaninq the Frost Mage (DrIE)                       Turns: 6869, Time: 00:32:03

Health: -2/67      AC: 16    Str: 11    XL:     9   Next: 47%
Magic:  25/37      EV: 12    Int: 20    God:    Hepliaklqana [****..]
Gold:   242        SH:  0    Dex: 11    Spells: 9/22 levels left

rFire   . . .        m - +4 spear (freeze)
rCold   . . .        (no shield)
rNeg    . . .        (body armour unavailable)
rPois   .            (helmet restricted)
rElec   .            (no cloak)
rCorr   +            u - +0 pair of gloves
SInv    .            (no boots)
Will    .....        r - amulet of regeneration
Stlth   ++           p - ring of magical power
HPRegen 1.11/turn    x - ring of magical power
MPRegen 0.25/turn

%: no passive effects
@: ice-armoured, freezing walls
A: reduced essence, spit acid, AC +7, unfitting armour, cold-blooded, acid
resistance
a: Breathe Acid, Renounce Religion, Recall Ancestor, Ancestor Identity,
Transference, Idealise


You were on level 9 of the Dungeon.
You worshipped Hepliaklqana.
Hepliaklqana was greatly pleased with you.
You visited 2 branches of the dungeon, and saw 10 of its levels.

You collected 411 gold pieces.
You spent 169 gold pieces at shops.

Inventory:

Hand Weapons
 c - a +1 dagger of venom
 m - a +4 spear of freezing (weapon)
 w - the +8 sling of Demand {freeze, Str+4 SInv}
   (You bought it in a shop on level 5 of the Dungeon)

   Str+4:     It affects your strength (+4).
   SInv:      It lets you see invisible.
Armour
 u - a +0 pair of gloves (worn)
 z - a +0 kite shield
Jewellery
 b - a ring of protection from cold
 p - a ring of magical power (left hand)
 r - an amulet of regeneration (around neck)
 x - a ring of magical power (right hand)
 y - a ring of wizardry
 F - a +6 ring of intelligence
Wands
 t - a wand of roots (16)
Scrolls
 e - 6 scrolls of teleportation {unknown}
 g - 2 scrolls of fog {unknown}
 i - a scroll of enchant armour {unknown}
 j - 3 scrolls of immolation {unknown}
 k - 2 scrolls of fear {unknown}
 l - a scroll of butterflies {unknown}
 n - 4 scrolls of enchant weapon {unknown}
 o - a scroll of poison {unknown}
 q - 6 scrolls of identify {unknown}
 s - 2 scrolls of brand weapon {unknown}
 v - a scroll of blinking {unknown}
 C - a scroll of noise {unknown}
Potions
 a - 3 potions of magic
 d - 2 potions of heal wounds {unknown}
 f - 3 potions of haste {unknown}
 h - 2 potions of resistance {unknown}
 A - 2 potions of curing {unknown}
 B - 2 potions of degeneration {unknown}
 D - a potion of invisibility {unknown}
 E - a potion of berserk rage {unknown}


   Skills:
 + Level 6.0 Fighting
 - Level 1.7 Dodging
 - Level 1.7 Stealth
 + Level 7.0 Spellcasting
 - Level 4.0 Summonings
 - Level 2.0 Translocations
 * Level 9.0 Ice Magic


You had 9 spell levels left.
You knew the following spells:

 Your Spells              Type           Power      Damage    Failure   Level
a - Freeze                Ice            100%       1d10      1%          1
b - Frozen Ramparts       Ice            86%        1d13      1%          3
c - Ozocubu's Armour      Ice            43%        N/A       1%          3
d - Summon Ice Beast      Ice/Summ       33%        N/A       6%          4
e - Blink                 Tloc           30%        N/A       6%          2

Your spell library contained the following spells:

 Spells                   Type           Power      Damage    Failure   Level
 Summon Small Mammal      Summ           92%        N/A       1%          1
 Call Imp                 Summ           46%        N/A       2%          2
 Apportation              Tloc           30%        N/A       4%          1
 Lesser Beckoning         Tloc           30%        N/A       6%          2
 Magic Dart               Conj           28%        1d4       10%         1
 Necrotise                Necr           28%        1d5       10%         1
 Momentum Strike          Conj/Tloc      22%        3d8       10%         2
 Gell's Gravitas          Tloc           15%        N/A       12%         3
 Teleport Other           Tloc           15%        N/A       12%         3
 Mephitic Cloud           Conj/Pois/Air  7%         N/A       28%         3
 Ozocubu's Refrigeration  Ice            21%        4d12      89%         7


Dungeon Overview and Level Annotations

Branches:
Dungeon (9/15)             Temple (1/1) D:5
   Lair: D:8-11         Orc: D:9-12

Altars:
Ashenzari
Cheibriados
Dithmenos
Elyvilon
Fedhas
Gozag
Hepliaklqana
Kikubaaqudgha
Makhleb
Nemelex Xobeh
Okawaru
Qazlal
Ru
Sif Muna
Uskayaw
Vehumet
Wu Jian
Xom
Yredelemnul
Zin
The Shining One

Shops:
D:5 (


Innate Abilities, Weirdness & Mutations

Your life essence is reduced to manifest your ancestor. (-10% HP)
You can spit globs of acid.
Your golden yellow scales are hard. (AC +7)
You cannot fit into any form of body armour.
You are cold-blooded and may be slowed by cold attacks.
You are resistant to acid. (rCorr)


Message History

Something bites you but does no damage.
Casting: Frozen Ramparts (safe; 1% risk of failure)
Confirm with . or Enter, or press ? or * to list all spells.
You can't see any susceptible monsters within range! (Use Z to cast anyway.)
Casting: Frozen Ramparts (safe; 1% risk of failure)
Confirm with . or Enter, or press ? or * to list all spells.
Your icy armour thickens.
Something hits you but does no damage. Something bites you.
* * * LOW HITPOINT WARNING * * *
Something draws strength from your injuries!
Casting: Ozocubu's Armour (safe; 1% risk of failure)
Confirm with . or Enter, or press ? or * to list all spells.
You can't see any susceptible monsters within range! (Use Z to cast anyway.)
Casting: Ozocubu's Armour (safe; 1% risk of failure)
Confirm with . or Enter, or press ? or * to list all spells.
Casting: Frozen Ramparts (safe; 1% risk of failure)
Press: ? - help, Dir - look around, f - activate The walls around you are covered in ice.
The wall freezes something but does no damage.
Something hits you!
* * * LOW HITPOINT WARNING * * *
Something bites you.
* * * LOW HITPOINT WARNING * * *
Something draws strength from your injuries!
You hit something but do no damage.
The wall freezes something but does no damage.
Something hits you but does no damage. Something bites you but does no damage.
You hit something but do no damage.
The wall freezes something but does no damage.
Something hits you but does no damage. Something bites you but does no damage.
You closely miss something.
The wall freezes something but does no damage.
Something hits you but does no damage. Something bites you.
* * * LOW HITPOINT WARNING * * *
Something draws strength from your injuries!
You barely miss something.
A vampire appears from thin air!
Reactivating autopickup.
The wall freezes the vampire but does no damage.
The vampire hits you!
You die...

... ### #..###
#... # #.$.#
#.... #.
#..######.....
####.#
##............
......#
#.............
..
..#.#.###.###...
#.##.##V###.#
#.....@Y....#
####<########
.........#
#######.## ###


You could see a vampire and a friendly ice beast (summoned).

Vanquished Creatures
  A hornet (D:8)
  Sigmund (D:4)
  2 black bears
  An ice beast (D:5)
  2 sky beasts
  A centaur (D:6)
  A kobold brigand (D:8)
  A bullfrog (D:8)
  A gnoll sergeant (D:6)
  2 scorpions (D:5)
  A howler monkey (D:7)
  4 orc priests
  6 hounds
  A gnoll bouda (D:8)
  An iguana (D:4)
  4 orc wizards
  A sleepcap (D:4)
  Natasha (thrice) (D:4)
  8 gnolls
  2 white imps
  2 ufetubi (D:6)
  3 worms
  22 orcs
  9 endoplasms
  3 giant cockroaches (D:3)
  7 goblins
  4 hobgoblins
  2 jackals (D:1)
  2 quokkas
  3 ball pythons
  6 bats
  A frilled lizard (D:1)
  11 kobolds
  5 rats
124 creatures vanquished.

Vanquished Creatures (collateral kills)
  A water moccasin (D:5)
  3 ice beasts (D:7)
  A centaur (D:8)
  A phantom (D:4)
  A bullfrog (D:7)
  2 howler monkeys (D:7)
  A hound (D:5)
  A gnoll bouda (D:8)
  A sleepcap (D:7)
  2 orc wizards (D:7)
  An adder (D:5)
  A shadow imp (D:6)
  A white imp (D:8)
  A worm (D:2)
  2 dart slugs (D:3)
  4 orcs
  A goblin (D:4)
  A kobold (D:8)
26 creatures vanquished.

Vanquished Creatures (others)
  A knight (D:9)
  3 ancestors
4 creatures vanquished.

Grand Total: 154 creatures vanquished

Notes
Turn   | Place    | Note
-------+----------+-------------------------------------------
     0 | D:1      | Spaninq the Draconian Ice Elementalist began the quest for
                  | the Orb.
     0 | D:1      | Reached XP level 1. HP: 14/14 MP: 3/3
   176 | D:1      | Reached XP level 2. HP: 22/22 MP: 0/5
   567 | D:1      | Reached skill level 1 in Fighting
   907 | D:2      | Found a faded altar of an unknown god.
   917 | D:2      | Prayed at the altar of an unknown god.
   917 | D:2      | Became a worshipper of Hepliaklqana the Forgotten
   917 | D:2      | Reached * piety under Hepliaklqana
   955 | D:2      | Reached XP level 3. HP: 19/25 MP: 4/6
  1260 | D:2      | Identified the +2 leather armour "Horub" {Fly rElec rF-
                  | Str+4}
  1903 | D:3      | Identified the +4 leather armour of Hepliaklqana's Reproof
                  | {Rampage rElec rC- Regen+}
  1965 | D:3      | Reached XP level 4. HP: 29/31 MP: 8/8
  1997 | D:3      | Learned a level 3 spell: Frozen Ramparts
  2001 | D:3      | Learned a level 3 spell: Ozocubu's Armour
  2227 | D:4      | Noticed a sky beast
  2232 | D:4      | Reached skill level 5 in Ice Magic
  2237 | D:4      | Killed a sky beast
  2238 | D:4      | Reached XP level 5. HP: 11/37 MP: 8/10
  2349 | D:4      | Noticed a phantom
  2361 | D:4      | Killed a phantom
  2362 | D:4      | Reached XP level 6. HP: 45/45 MP: 12/12
  2388 | D:4      | Noticed Natasha
  2395 | D:4      | Killed Natasha
  2400 | D:4      | Noticed Natasha
  2409 | D:4      | Killed Natasha
  2562 | D:4      | Noticed Natasha
  2570 | D:4      | Killed Natasha
  2573 | D:4      | Reached skill level 6 in Ice Magic
  2869 | D:4      | Reached ** piety under Hepliaklqana
  2870 | D:4      | Remembered your ancestor Bahamut as a knight
  3194 | D:4      | Noticed Sigmund
  3201 | D:4      | Killed Sigmund
  3202 | D:4      | Reached skill level 5 in Spellcasting
  3202 | D:4      | Your scales start taking on a golden yellow colour.
  3202 | D:4      | Reached XP level 7. HP: 52/52 MP: 14/14
  3202 | D:4      | Gained mutation: You are resistant to acid. (rCorr) [Yellow
                  | Draconian growth]
  3368 | D:4      | Found a sparkling altar of Nemelex Xobeh.
  3374 | D:4      | Learned a level 4 spell: Summon Ice Beast
  3537 | D:5      | Entered Level 5 of the Dungeon
  3672 | D:5      | Found Emira's Antique Weapon Shop.
  3696 | D:5      | Bought a masterwork sling for 169 gold pieces
  3696 | D:5      | Identified the +8 sling of Demand {freeze, Str+4 SInv} (You
                  | bought it in a shop on level 5 of the Dungeon)
  3703 | D:5      | Identified the +0 ring mail "Zucoxeaz" {rPois Will- Str+8}
  3728 | D:5      | Reached skill level 1 in Summonings
  3780 | D:5      | Found a staircase to the Ecumenical Temple.
  3790 | Temple   | Entered the Ecumenical Temple
  4092 | D:5      | Reached skill level 7 in Ice Magic
  4092 | D:5      | Reached XP level 8. HP: 59/59 MP: 16/16
  4204 | D:5      | Reached *** piety under Hepliaklqana
  4664 | D:6      | Learned a level 2 spell: Blink
  5034 | D:6      | Reached skill level 1 in Translocations
  5596 | D:7      | Reached **** piety under Hepliaklqana
  5688 | D:7      | Reached skill level 5 in Fighting
  5714 | D:7      | Reached XP level 9. HP: 62/66 MP: 18/18
  5731 | D:7      | Reached skill level 8 in Ice Magic
  6342 | D:8      | Reached skill level 9 in Ice Magic
  6754 | D:8      | Found a glowing silver altar of Zin.
  6754 | D:8      | Found a shimmering altar of Xom.
  6762 | D:8      | Found an ancient bone altar of Kikubaaqudgha.
  6764 | D:8      | Found an iron altar of Okawaru.
  6766 | D:8      | Found a faded altar of an unknown god.
  6869 | D:9      | Slain by a vampire

Illustrated notes

Levels and vault maps discovered:
D:1:      onia_arrival_pentagram, layout_rooms, serial_bayou_ford_a, hex_tiny
D:2:      layout_basic, hellmonk_ecumenical_altar_crossroads
D:3:      layout_rooms, nicolae_kite_square_tiling_tiny
D:4:      layout_layer_cave, nemelex_dance_club_becter, grunt_tough_drop,
          uniq_natasha, uniq_sigmund
D:5:      layout_basic, minmay_temple_entry_overgrown, serial_shops, shop,
          hex_medium
D:6:      layout_gridville, serial_rivers, chequers_serial_rivers_large_a,
          chequers_serial_rivers_room_b, chequers_serial_rivers_room_b,
          chequers_serial_rivers_micro_d, chequers_serial_rivers_micro_b,
          chequers_serial_rivers_micro_e, nicolae_concentric_dashed_squares_wild
D:7:      layout_rooms
D:8:      layout_basic, chequers_temple_overflow_minitemple,
          minmay_misc_feat_square, nicolae_grassy_gnolls
D:9:      layout_loops_ring, lair_entry_dummy, uniq_erolcha
Temple:   nicolae_temple_slightly_damp_pantheon

Skill      XL: |  1  2  3  4  5  6  7  8  9 |
---------------+----------------------------+-----
Fighting       | 1 2 3 4 5 6 |  6.0
Spellcasting   | 3 4 5 6 7 |  7.0
Ice Magic      | 5 6 7 9 |  9.0
Summonings     | 2 4 |  4.0
Translocations | 2 |  2.0
Dodging        | |  1.7
Stealth        | |  1.7

Action                     |  1- 3 |  4- 6 |  7- 9 || total
---------------------------+-------+-------+-------++-------
  Melee: Dagger            |    18 |       |     2 ||    20
         Tailslap          |     2 |     3 |    11 ||    16
         Spear             |    35 |    47 |   125 ||   207
         Punch             |       |       |     2 ||     2
   Fire: Sling             |       |       |    33 ||    33
   Cast: Freeze            |    44 |     6 |     2 ||    52
         Frozen Ramparts   |       |    11 |    23 ||    34
         Ozocubu's Armour  |       |     5 |    15 ||    20
         Summon Ice Beast  |       |       |     2 ||     2
 Invoke: Ancestor Identity |     1 |       |       ||     1
         Ancestor Life: Kn |       |     1 |       ||     1
         Recall Ancestor   |       |       |     3 ||     3
   Stab: Sleeping          |     5 |     2 |     4 ||    11
 Armour: Skin              |    29 |    24 |   131 ||   184
  Dodge: Dodged            |    37 |    15 |    66 ||   118

Table legend: (Time is in decaauts)
 A = Elapsed time spent in this place.
 B = Non-inter-level travel time spent in this place.
 C = Inter-level travel time spent in this place.
 D = Time resting spent in this place.
 E = Time spent auto-exploring this place.
 F = Levels seen in this place.
 G = Mean time per level.
                   A        B        C        D        E       F      G
               +--------+--------+--------+--------+--------+-----+--------+
         Total |   6916 |   6730 |    186 |    345 |   5149 |  10 |  691.6 |
       Dungeon |   6914 |   6728 |    186 |    345 |   5149 |   9 |  768.2 |
        Temple |      1 |      1 |      0 |      0 |      0 |   1 |    1.0 |
               +--------+--------+--------+--------+--------+-----+--------+

Top non-repeatable levels by time:
     D:4: 1333 daAuts
     D:5: 1040 daAuts
     D:2: 1011 daAuts
     D:6: 946 daAuts
     D:8: 739 daAuts
     D:1: 630 daAuts
     D:7: 574 daAuts
     D:3: 574 daAuts
     D:9: 63 daAuts
  Temple: 1 daAuts
